 Dungeon Crawl Stone Soup version 0.29-a0-559-g359e09b9d1 (webtiles) character file.

Game seed: 5123359968893232136

833 DocClef the Covert (level 7, -8/60 HPs)
             Began as a Gnoll Delver on June 9, 2022.
             Was a Follower of Okawaru.
             Mangled by an ogre
             ... wielding a +0 giant club
              (17 damage)
             ... on level 5 of the Dungeon.
             The game lasted 00:04:42 (5152 turns).

DocClef the Covert (Gnoll Delver)                   Turns: 5152, Time: 00:04:43

Health: -8/60      AC: 22    Str: 11    XL:     7   Next: 98%
Magic:  11/11      EV:  3    Int:  9    God:    Okawaru [*.....]
Gold:   276        SH:  0    Dex: 16    Spells: 11/11 levels left

rFire   . . .      SeeInvis .   a - +0 short sword
rCold   . . .      Faith    .   (no shield)
rNeg    . . .      Spirit   .   o - +9 plate armour "Kyeg" {Will+}
rPois   .          Reflect  .   E - +0 helmet
rElec   .          Harm     .   (no cloak)
rCorr   .          Rampage  .   (no gloves)
Will    +....                   A - +0 pair of boots
Stlth   ..........              (no amulet)
HPRegen 0.20/turn               (no ring)
MPRegen 0.12/turn               (no ring)

@: no status effects
A: fangs 1, strong nose, distributed training
a: Renounce Religion, Heroism


You were on level 5 of the Dungeon.
You worshipped Okawaru.
Okawaru was aware of your devotion.
You visited 2 branches of the dungeon, and saw 6 of its levels.

You collected 276 gold pieces.

Inventory:

Hand Weapons
 a - a +0 short sword (weapon)
Missiles
 s - 3 curare-tipped darts (quivered)
 w - a throwing net
Armour
 b - a +0 leather armour
 o - the +9 plate armour "Kyeg" (worn) {Will+}
   (You found it on level 3 of the Dungeon)

   Will:      It increases your willpower.
 A - a +0 pair of boots (worn)
 E - a +0 helmet (worn)
Jewellery
 e - a ring of poison resistance
Wands
 g - a wand of digging (3)
Scrolls
 c - a scroll of fog
 d - 4 scrolls of magic mapping
 h - 9 scrolls of identify {unknown}
 j - a scroll of vulnerability {unknown}
 k - 2 scrolls of brand weapon {unknown}
 l - 6 scrolls of blinking {unknown}
 q - 3 scrolls of enchant armour {unknown}
 v - a scroll of torment {unknown}
 y - 2 scrolls of teleportation {unknown}
 z - a scroll of silence {unknown}
 B - 2 scrolls of enchant weapon {unknown}
 D - a scroll of poison {unknown}
Potions
 f - 3 potions of haste
 i - a potion of degeneration {unknown}
 m - a potion of resistance {unknown}
 n - 2 potions of curing {unknown}
 p - 2 potions of might {unknown}
 r - a potion of attraction {unknown}
 t - a potion of invisibility {unknown}
 u - a potion of flight {unknown}
 x - a potion of lignification {unknown}
 C - 2 potions of brilliance {unknown}


   Skills:
 + Level 7.2 Fighting
 + Level 5.4 Short Blades
 + Level 2.8 Long Blades
 + Level 2.8 Axes
 + Level 2.8 Maces & Flails
 + Level 2.8 Polearms
 + Level 2.8 Staves
 + Level 2.8 Slings
 + Level 2.8 Bows
 + Level 2.8 Crossbows
 + Level 2.8 Throwing
 + Level 2.8 Armour
 + Level 5.4 Dodging
 + Level 10.0 Stealth
 + Level 2.8 Shields
 + Level 2.8 Unarmed Combat
 + Level 2.8 Spellcasting
 + Level 2.3 Conjurations
 + Level 2.3 Hexes
 + Level 2.3 Summonings
 + Level 2.3 Necromancy
 + Level 2.3 Translocations
 + Level 2.3 Transmutations
 + Level 2.3 Fire Magic
 + Level 2.3 Ice Magic
 + Level 2.3 Air Magic
 + Level 2.3 Earth Magic
 + Level 2.3 Poison Magic
 + Level 3.1 Invocations
 + Level 2.8 Evocations


You had 11 spell levels left.
You didn't know any spells.
Your spell library was empty.

Dungeon Overview and Level Annotations

Branches:
Dungeon (5/15)             Temple (1/1) D:5

Altars:
Ashenzari
Cheibriados
Dithmenos
Elyvilon
Fedhas
Gozag
Hepliaklqana
Kikubaaqudgha
Makhleb
Okawaru
Qazlal
Ru
Sif Muna
Trog
Vehumet
Wu Jian
Xom
Yredelemnul
Zin
The Shining One


Innate Abilities, Weirdness & Mutations

You have very sharp teeth.
Your uncanny sense of smell can sniff out nearby items.
Your experience applies equally to all skills.


Message History

The ogre is lightly wounded.
The ogre hits you but does no damage.
You barely miss the ogre.
The ogre is lightly wounded.
You hit the ogre. You punch the ogre.
The ogre is moderately wounded.
The ogre hits you with a +0 giant club!!
* * * LOW HITPOINT WARNING * * *
You are too injured to fight recklessly!
You are too injured to fight recklessly!
You are too injured to fight recklessly!
You are too injured to fight recklessly!
You are too injured to fight recklessly!
You are too injured to fight recklessly!
You are too injured to fight recklessly!
You are too injured to fight recklessly!
You are too injured to fight recklessly!
You are too injured to fight recklessly!
You are too injured to fight recklessly!
You are too injured to fight recklessly!
You are too injured to fight recklessly!
You are too injured to fight recklessly!
You are too injured to fight recklessly!
You are too injured to fight recklessly!
You hit the ogre. Your bite misses the ogre.
The ogre is moderately wounded.
You completely miss the ogre. You bite the ogre.
The ogre is moderately wounded.
The ogre hits you with a +0 giant club!
* * * LOW HITPOINT WARNING * * *
You hit the ogre. Your bite misses the ogre.
The ogre is heavily wounded.
You hit the ogre but do no damage.
The ogre is heavily wounded.
The ogre barely misses you.
Unknown command.
You hit the ogre.
The ogre is heavily wounded.
The ogre hits you with a +0 giant club!
You die...

######...##........
.......<..........#
.##########.......#
#................#
#
#.########........
#.#.# #........
#.#'### #........
#.....# #........
#..@!.# .........
#..O..# .........
#.....# ∆..#####.
#.!...# . #.....# #
#.....# #######


You could see an ogre.

Vanquished Creatures
  Grinder (D:5)
  An ogre (D:5)
  A bullfrog (D:4)
  A scorpion (D:5)
  2 jellies (D:5)
  A hound (D:5)
  2 orc priests (D:4)
  Jessica (D:3)
  A gnoll shaman (D:3)
  An iguana (D:4)
  7 gnolls
  5 adders
  A worm (D:4)
  7 dart slugs
  3 orcs
  6 ball pythons
  4 bats
  7 endoplasms
  3 giant cockroaches
  5 goblins
  7 hobgoblins
  7 jackals (D:2)
  4 quokkas
  3 frilled lizards
  4 kobolds
  5 rats
90 creatures vanquished.

Notes
Turn   | Place    | Note
-------+----------+-------------------------------------------
     0 | D:5      | Reached skill level 9 in Stealth
     0 | D:5      | DocClef the Gnoll Delver began the quest for the Orb.
     0 | D:5      | Reached XP level 1. HP: 23/23 MP: 1/1
    16 | D:5      | Noticed a hound
    23 | D:5      | Killed a hound
    24 | D:5      | Reached XP level 2. HP: 29/29 MP: 2/2
    24 | D:5      | Reached XP level 3. HP: 35/35 MP: 3/3
    66 | D:5      | Noticed a scorpion
    70 | D:5      | Killed a scorpion
    71 | D:5      | Reached skill level 1 in Long Blades
    71 | D:5      | Reached skill level 1 in Axes
    71 | D:5      | Reached skill level 1 in Maces & Flails
    71 | D:5      | Reached skill level 1 in Polearms
    71 | D:5      | Reached skill level 1 in Staves
    71 | D:5      | Reached skill level 1 in Slings
    71 | D:5      | Reached skill level 1 in Bows
    71 | D:5      | Reached skill level 1 in Crossbows
    71 | D:5      | Reached skill level 1 in Throwing
    71 | D:5      | Reached skill level 1 in Armour
    71 | D:5      | Reached skill level 1 in Shields
    71 | D:5      | Reached skill level 1 in Unarmed Combat
    71 | D:5      | Reached skill level 1 in Spellcasting
    71 | D:5      | Reached skill level 1 in Invocations
    71 | D:5      | Reached skill level 1 in Evocations
    71 | D:5      | Reached XP level 4. HP: 41/41 MP: 3/5
    78 | D:5      | Reached skill level 1 in Conjurations
    78 | D:5      | Reached skill level 1 in Hexes
    78 | D:5      | Reached skill level 1 in Summonings
    78 | D:5      | Reached skill level 1 in Necromancy
    78 | D:5      | Reached skill level 1 in Translocations
    78 | D:5      | Reached skill level 1 in Transmutations
    78 | D:5      | Reached skill level 1 in Fire Magic
    78 | D:5      | Reached skill level 1 in Ice Magic
    78 | D:5      | Reached skill level 1 in Air Magic
    78 | D:5      | Reached skill level 1 in Earth Magic
    78 | D:5      | Reached skill level 1 in Poison Magic
   151 | D:5      | Noticed Grinder
   171 | D:5      | Killed Grinder
   172 | D:5      | Reached skill level 5 in Short Blades
   172 | D:5      | Reached skill level 5 in Dodging
   172 | D:5      | Reached XP level 5. HP: 47/47 MP: 5/7
   172 | D:5      | Reached XP level 6. HP: 53/53 MP: 5/8
   225 | D:5      | Found a white marble altar of Elyvilon.
   353 | D:5      | Found a staircase to the Ecumenical Temple.
   446 | Temple   | Entered the Ecumenical Temple
   500 | Temple   | Became a worshipper of Warmaster Okawaru
   932 | D:4      | Found a burning altar of Makhleb.
   960 | D:4      | Reached XP level 7. HP: 28/59 MP: 10/10
  1425 | D:3      | Found a shadowy altar of Dithmenos.
  1610 | D:3      | Identified the +9 plate armour "Kyeg" {Will+}
  1947 | D:3      | Noticed Jessica
  1953 | D:3      | Killed Jessica
  3334 | D:1      | Found a faded altar of an unknown god.
  3760 | D:4      | Found a stormy altar of Qazlal.
  3824 | D:4      | Reached * piety under Okawaru
  4098 | D:4      | Reached skill level 10 in Stealth
  4449 | D:4      | HP: 2/60 [giant cockroach (2)]
  5152 | D:5      | Mangled by an ogre

Illustrated notes

Levels and vault maps discovered:
D:1:      scummos_arrival_simple_fountains, layout_rooms,
          ebering_ecumenical_altar_abandoned
D:2:      layout_rooms, minmay_heptomino_d4
D:3:      layout_basic, nicolae_dithmenos_through_a_glass_darkly, minivault_11,
          moated_statue, kennysheep_jessica_study
D:4:      layout_basic, grunt_qazlal_clouds, mainiacjoe_overflow_alcove_1
D:5:      layout_basic, mainiacjoe_overflow_surrounded_room,
          minmay_temple_entry_fiery, uniq_grinder
Temple:   nicolae_temple_x_marks_the_god

Skill      XL: |  1  2  3  4  5  6  7 |
---------------+----------------------+-----
Stealth        | 10 | 10.0
Long Blades    | 1 2 |  2.8
Axes           | 1 2 |  2.8
Maces & Flails | 1 2 |  2.8
Polearms       | 1 2 |  2.8
Staves         | 1 2 |  2.8
Slings         | 1 2 |  2.8
Bows           | 1 2 |  2.8
Crossbows      | 1 2 |  2.8
Throwing       | 1 2 |  2.8
Armour         | 1 2 |  2.8
Shields        | 1 2 |  2.8
Unarmed Combat | 1 2 |  2.8
Spellcasting   | 1 2 |  2.8
Invocations    | 1 2 3 |  3.1
Evocations     | 1 2 |  2.8
Conjurations   | 1 2 |  2.3
Hexes          | 1 2 |  2.3
Summonings     | 1 2 |  2.3
Necromancy     | 1 2 |  2.3
Translocations | 1 2 |  2.3
Transmutations | 1 2 |  2.3
Fire Magic     | 1 2 |  2.3
Ice Magic      | 1 2 |  2.3
Air Magic      | 1 2 |  2.3
Earth Magic    | 1 2 |  2.3
Poison Magic   | 1 2 |  2.3
Short Blades   | 5 |  5.4
Dodging        | 5 |  5.4
Fighting       | 7 |  7.2

Action                   |  1- 3 |  4- 6 |  7- 9 || total
-------------------------+-------+-------+-------++-------
Melee: Short sword       |     2 |    35 |   412 ||   449
       Bite              |       |     2 |    58 ||    60
       Punch             |       |       |     9 ||     9
Throw: Dart              |       |       |     1 ||     1
  Use: Scroll            |       |     1 |       ||     1
 Stab: Sleeping          |     2 |     4 |     4 ||    10
Armor: Leather armour    |       |     4 |     2 ||     6
       Plate armour      |       |       |   337 ||   337
Dodge: Dodged            |       |    16 |    83 ||    99

Table legend: (Time is in decaauts)
 A = Elapsed time spent in this place.
 B = Non-inter-level travel time spent in this place.
 C = Inter-level travel time spent in this place.
 D = Time resting spent in this place.
 E = Time spent auto-exploring this place.
 F = Levels seen in this place.
 G = Mean time per level.
                   A        B        C        D        E       F      G
               +--------+--------+--------+--------+--------+-----+--------+
         Total |   5082 |   4896 |    186 |    772 |   3240 |   6 |  847.0 |
       Dungeon |   5018 |   4841 |    177 |    772 |   3194 |   5 | 1003.6 |
        Temple |     64 |     55 |      9 |      0 |     46 |   1 |   64.0 |
               +--------+--------+--------+--------+--------+-----+--------+

Top non-repeatable levels by time:
     D:4: 1793 daAuts
     D:3: 1140 daAuts
     D:2: 1044 daAuts
     D:5: 654 daAuts
     D:1: 385 daAuts
  Temple: 64 daAuts
